AoeStats
← ChubbyBunny

Arabia

510516020Analyzed
1v1 RM · 9h ago on Oct 1, 2026· 57m 12s· 2 players
Game mode
Random Map
Map size
Tiny (2 player)
Population
200
Speed
Normal
Resources
Standard
Victory
Conquest
Starting age
Dark Age
Ending age
Imperial Age
RankedLock teamsTeams togetherTeam positionsShared explorationLock speedFull tech treeHidden civsTurbo modeCheats
Victory
Defeat
🇷🇴 Aztecs · Romania
514
+14
🇫🇷 Franks · France
477
-14
LastDay
11:41 Feudal Age
18:37 Castle Age
19:34 Town Watch
21:30 Loom
29:03 Scale Barding Armor
29:13 Forging
32:51 Chain Barding Armor
33:09 Iron Casting
39:05 Imperial Age
36:35 Town Patrol
40:57 Onager
40:59 Cavalier
42:31 Paladin
42:37 Heavy Scorpion
43:35 Gold Mining
43:41 Double-Bit Axe
43:56 Stone Mining
47:35 Bow Saw
ChubbyBunny
12:41 Feudal Age
13:36 Loom
13:43 Horse Collar
13:50 Double-Bit Axe
16:32 Gold Mining
18:38 Stone Mining
18:43 Fletching
18:53 Padded Archer Armor
18:50 Town Watch
18:54 Man-at-Arms
21:58 Forging
21:48 Scale Mail Armor
27:59 Castle Age
27:11 Arson
30:09 Gold Shaft Mining
29:17 Long Swordsman
29:19 Crossbowman
30:15 Bow Saw
30:23 Heavy Plow
30:24 Bodkin Arrow
30:44 Leather Archer Armor
33:25 Iron Casting
33:06 Chain Mail Armor
37:21 Imperial Age
34:20 Pikeman
36:29 Stone Shaft Mining
38:33 Ballistics
39:14 Chemistry
37:55 Treadmill Crane
39:41 Wheelbarrow
39:11 Town Patrol
39:32 Two-Handed Swordsman
41:10 Bracer
42:11 Blast Furnace
42:00 Arbalester
43:30 Hand Cart
46:22 Elite Jaguar Warrior
48:40 Elite Jaguar Warrior
51:19 Conscription
52:38 Plate Mail Armor
57:42 Crop Rotation
Connection lost

Rejoining the realm…

Still unreachable

The connection could not be restored.

Session expired

The server has moved on; the page needs a fresh start.